 Dungeon Crawl Stone Soup version 0.27-a0-1557-g57f10a385c (webtiles) character file.

Game seed: 15370984532981936761

25 pokeman the Magician (level 2, 0/16 HPs)
             Began as a Deep Elf Hedge Wizard on July 15, 2021.
             Slain by a kobold (1 damage)
             ... on level 2 of the Dungeon.
             The game lasted 00:01:46 (1391 turns).

pokeman the Magician (Deep Elf Hedge Wizard)        Turns: 1391, Time: 00:01:47

Health: 0/16       AC:  2    Str: 13    XL:     2   Next: 82%
Magic:  0/10       EV: 12    Int: 18    God:
Gold:   59         SH:  0    Dex: 14    Spells: 10/11 levels left

rFire    . . .     SeeInvis +   n - +0 long sword
rCold    . . .     Faith    .   (no shield)
rNeg     . . .     Spirit   .   b - +0 robe
rPois    .         Reflect  .   c - +0 hat
rElec    .         Harm     .   (no cloak)
rCorr    .         Rampage  .   (no gloves)
Will     .....                  (no boots)
Stlth    ++........             (no amulet)
HPRegen  0.05/turn              i - +6 ring of strength
MPRegen  0.12/turn              o - ring of see invisible

@: very slightly contaminated
A: no striking features
a: no special abilities


You were on level 2 of the Dungeon.
You visited 1 branch of the dungeon, and saw 2 of its levels.

You collected 59 gold pieces.

Inventory:

Hand Weapons
 n - a +0 long sword (weapon)
Missiles
 g - 45 arrows
 k - 5 atropa-tipped darts
Armour
 b - a +0 robe (worn)
 c - a +0 hat (worn)
Jewellery
 i - a +6 ring of strength (left hand)
 o - a ring of see invisible (right hand)
Scrolls
 a - a scroll of silence {unknown}
 e - a scroll of brand weapon {unknown}
 j - 2 scrolls of identify {unknown}
Potions
 d - a potion of degeneration {unknown}
 f - a potion of mutation {unknown}
 h - 2 potions of curing {unknown}
 l - a potion of attraction {unknown}
 m - a potion of heal wounds {unknown}
 p - a potion of might {unknown}


   Skills:
 + Level 0.6 Fighting
 + Level 0.7 Armour
 - Level 2.4 Dodging
 - Level 2.4 Stealth
 * Level 5.0 Spellcasting
 + Level 1.6 Conjurations
 - Level 1.1 Summonings
 - Level 1.1 Translocations


You had 10 spell levels left.
You knew the following spells:

 Your Spells              Type           Power      Damage    Failure   Level
a - Magic Dart            Conj           40%        1d5       7%          1

Your spell library contained the following spells:

 Spells                   Type           Power      Damage    Failure   Level
 Blink                    Tloc           N/A        N/A       13%         2
 Call Imp                 Summ           8%         N/A       13%         2
 Slow                     Hex            4%         N/A       21%         2
 Conjure Flame            Conj/Fire      7%         6-21      28%         3
 Mephitic Cloud           Conj/Pois/Air  6%         N/A       32%         3


Dungeon Overview and Level Annotations

Branches:
Dungeon (2/15)

Altars:

Annotations:
D:2 Terence


Message History

Press: ? - help, Shift-Dir - straight line, f/p - jackal
Aim: a jackal (severely wounded, 100% to hit)
The magic dart hits the jackal.
You kill the jackal!
The kobold throws a poisoned dart.
The poisoned dart closely misses you. The jackal barely misses you.
You riposte.
You barely miss the jackal.
Your Spellcasting skill increases to level 5!
The jackal barely misses you.
You closely miss the jackal. The jackal bites you. x2
You barely miss the jackal.
The jackal closely misses you. x2; You riposte.
You slash the jackal!
You kill the jackal!
The kobold barely misses you.
You see here a jackal corpse.
You barely miss the kobold. The kobold hits you with a +0 dagger.
You hit the kobold but do no damage.
The kobold hits you with a +0 dagger. x2
You closely miss the kobold. The kobold hits you with a +0 dagger.
Casting: Magic Dart (safe; 7% risk of failure)
Confirm with . or Enter, or press ? or * to list all spells.
Aiming: Magic Dart (safe; 7% risk of failure)
Press: ? - help, Shift-Dir - straight line, f - kobold
Aim: a kobold, wielding a +0 dagger and quivering poisoned darts (100% to hit)
You miscast Magic Dart.
You are very lightly contaminated with residual magic.
Nothing appears to happen.
The kobold closely misses you.
You hit the kobold.
The kobold is severely wounded.
The kobold hits you with a +0 dagger.
* * * LOW HITPOINT WARNING * * *
The kobold closely misses you.
You riposte.
You hit the kobold.
The kobold is severely wounded.
You closely miss the kobold.
The kobold is severely wounded.
The kobold hits you with a +0 dagger.
* * * LOW HITPOINT WARNING * * *
Unknown command.
You closely miss the kobold.
The kobold is severely wounded.
The kobold hits you with a +0 dagger.
You die...

..# .†# #.# . # ..#
#.# #.# #... #.#
#..#...#....
#.#####.#... ... .
#>.....###.###.###.
#.####..#...#...#..
#K@...#...#...#...#
####.###.###.###.##
#..#...#...#...#
#....#...#...#..
###.###.###.###.
##.#...#...#..
##..#...#....
#.###.###...
##.#...#....


You could see a kobold.

Vanquished Creatures
  A bat (D:2)
  2 endoplasms (D:2)
  2 giant cockroaches (D:2)
  2 goblins (D:2)
  A hobgoblin (D:2)
  5 jackals (D:2)
  A quokka (D:2)
  4 ball pythons
  A frilled lizard (D:1)
  A rat (D:1)
20 creatures vanquished.

Notes
Turn   | Place    | Note
-------+----------+-------------------------------------------
     0 | D:1      | pokeman the Deep Elf Hedge Wizard began the quest for the
                  | Orb.
     0 | D:1      | Reached XP level 1. HP: 10/10 MP: 7/7
    31 | D:1      | Found a faded altar of an unknown god.
   697 | D:2      | Noticed Terence
   843 | D:2      | Reached XP level 2. HP: 16/16 MP: 7/9
  1380 | D:2      | Reached skill level 5 in Spellcasting
  1391 | D:2      | Slain by a kobold

Illustrated notes

Levels and vault maps discovered:
D:1:      wander_arrival_estate, layout_basic,
          hellmonk_ecumenical_altar_pennies_from_heaven
D:2:      layout_basic, basic_altar, kennysheep_doodads, uniq_terence

Skill      XL: |  1  2 |
---------------+-------+-----
Spellcasting   | 5 |  5.0
Fighting       | |  0.6
Armour         | |  0.7
Dodging        | |  2.4
Stealth        | |  2.4
Conjurations   | |  1.6
Summonings     | |  1.1
Translocations | |  1.1

Action                   || total
-------------------------++-------
Melee: Long sword        ||    16
       Dagger            ||     1
 Cast: Magic Dart        ||    43
Armor: Robe              ||     3
Dodge: Dodged            ||    25
       Rpst.: Long sword ||     6

Table legend: (Time is in decaauts)
 A = Elapsed time spent in this place.
 B = Non-inter-level travel time spent in this place.
 C = Inter-level travel time spent in this place.
 D = Time resting spent in this place.
 E = Time spent auto-exploring this place.
 F = Levels seen in this place.
 G = Mean time per level.
                   A        B        C        D        E       F      G
               +--------+--------+--------+--------+--------+-----+--------+
         Total |   1398 |   1297 |    101 |    244 |    919 |   2 |  699.0 |
       Dungeon |   1398 |   1297 |    101 |    244 |    919 |   2 |  699.0 |
               +--------+--------+--------+--------+--------+-----+--------+

Top non-repeatable levels by time:
     D:1: 737 daAuts
     D:2: 661 daAuts
